 Dungeon Crawl Stone Soup version 0.31-a0-524-g2a164cf6a2 (webtiles) character file.

Game seed: 583905439186787899

238 subsebi the Trooper (level 5, -6/42 HPs)
             Began as a Demonspawn Chaos Knight on Aug 12, 2023.
             Was a Plaything of Xom.
             Mangled by Duvessa
             ... wielding a +0 rapier
              (17 damage)
             ... on level 4 of the Dungeon.
             The game lasted 00:06:08 (2516 turns).

subsebi the Trooper (Demonspawn Chaos Knight)       Turns: 2516, Time: 00:06:08

Health: -6/42      AC: 12    Str: 13    XL:     5   Next: 78%
Magic:  5/5        EV: 12    Int: 21    God:    Xom [.....*]
Gold:   205        SH:  0    Dex: 10    Spells: 4/4 levels left

rFire   . . .        a - +0 hand axe (chaos)
rCold   . . .        (no shield)
rNeg    . . .        b - +2 leather armour
rPois   .            f - +0 helmet
rElec   .            m - +0 cloak
rCorr   .            (no gloves)
SInv    .            t - +2 pair of boots
Will    .....        (no amulet)
Stlth   +            (no ring)
HPRegen 0.27/turn    (no ring)
MPRegen 0.18/turn

%: clarity
@: no status effects
A: thin metallic scales 1, spiny 1, magic regeneration, clarity, clever 2, wild
magic 1
a: Renounce Religion


You were on level 4 of the Dungeon.
You worshipped Xom.
You were Xom's teddy bear.
You visited 1 branch of the dungeon, and saw 4 of its levels.

You collected 205 gold pieces.

Inventory:

Hand Weapons
 a - a +0 hand axe of chaos (weapon)
Missiles
 j - 33 stones
 p - a javelin
Armour
 b - a +2 leather armour (worn)
 f - a +0 helmet (worn)
 m - a +0 cloak (worn)
 t - a +2 pair of boots (worn)
Jewellery
 e - an amulet of reflection
Wands
 q - a wand of iceblast (11)
Scrolls
 c - a scroll of butterflies
 g - a scroll of poison {unknown}
 h - a scroll of enchant armour {unknown}
 i - a scroll of brand weapon {unknown}
 l - a scroll of fog {unknown}
 n - a scroll of noise {unknown}
 r - a scroll of immolation {unknown}
 s - a scroll of vulnerability {unknown}
Potions
 d - a potion of enlightenment {unknown}
 k - a potion of mutation {unknown}
 o - 2 potions of brilliance {unknown}


   Skills:
 + Level 4.1 Fighting
 + Level 3.8 Axes
 + Level 3.1 Armour
 + Level 2.6 Dodging


You had 4 spell levels left.
You didn't know any spells.
Your spell library contained the following spells:

 Spells                   Type           Power      Damage    Failure   Level
 Freeze                   Ice            0%         1d3       30%         1
 Cigotuvi's Dreadful Rot  Necr/Pois/Air  0%         N/A       43%         2
 Wereblood                Tmut           0%         N/A       43%         2
 Frozen Ramparts          Ice            0%         1d1       65%         3
 Hailstorm                Conj/Ice       0%         3d3       65%         3
 Ignite Poison            Fire/Tmut/Pois 0%         N/A       65%         3
 Summon Guardian Golem    Hex/Summ       0%         N/A       65%         3
 Freezing Cloud           Conj/Ice/Air   0%         6-21      100%        5
 Irradiate                Conj/Tmut      0%         3d11      100%        5
 Orb of Destruction       Conj           0%         9d5       100%        7
 Spellforged Servitor     Conj/Summ      0%         N/A       100%        7


Dungeon Overview and Level Annotations

Branches:
Dungeon (4/15)
 Temple: D:4-7

Altars:
Cheibriados
Trog
Uskayaw

Shops:
D:2 *

Annotations:
D:4 Dowan, Duvessa


Innate Abilities, Weirdness & Mutations

You are partially covered in thin metallic scales. (AC +2)
You are partially covered in sharp spines.
You regenerate magic rapidly.
You possess an exceptional clarity of mind.
Your mind is very acute. (Int +8, Str/Dex -2)
Your spells are a little harder to cast, but a little more powerful.


Message History

Duvessa, Sister of Dowan comes into view.
She is wielding a +0 rapier.
Dowan is struck by your spines. Dowan barely misses you.
You closely miss Dowan.
Dowan is lightly wounded.
Xom alters the dungeon around you.
The dart slug barely misses your butterfly.
You hit Duvessa but do no damage. The dart slug misses your butterfly.
Dowan casts a spell.
Dowan blinks!
You hit Duvessa but do no damage.
Duvessa seems to grow stronger.
Duvessa hits you with a +0 rapier!
The dart slug barely misses your butterfly.
You hit Duvessa. You burn Duvessa.
Duvessa is lightly wounded.
Duvessa misses you. The dart slug misses your butterfly.
You hit Duvessa but do no damage.
Duvessa is lightly wounded.
Something barely misses your butterfly. Duvessa barely misses you.
You closely miss Duvessa.
Duvessa is lightly wounded.
The dart slug briefly extends its eye-stalks.
The dart slug bites your butterfly.
Your butterfly dies!
Your butterfly disappears in a puff of smoke!
Duvessa hits you with a +0 rapier!
You hit Duvessa but do no damage.
Duvessa is lightly wounded.
Dowan misses your butterfly. Duvessa hits you with a +0 rapier!
* * * LOW HITPOINT WARNING * * *
You hit Duvessa but do no damage.
Duvessa is poisoned.
Duvessa is lightly wounded.
Dowan gestures wildly while chanting.
Dowan blinks!
Duvessa completely misses your butterfly.
The dart slug closely misses your butterfly.
You hit Duvessa but do no damage.
Duvessa looks as sick as possible!
Duvessa is lightly wounded.
Duvessa hits you with a +0 rapier!
You die...
Xom laughs nastily!

.... .# .e..
######.# #...
...... #...
b....
##....#b..
....bb#bb#
b....web.# ..
#..@.# #.
#>##.#
#.#..#.##.#
##....#.##.#
..........# #
#.#..#.##.#
#.#.#..#....#
#.#....#....#
#.......†...#


You could see Duvessa (strong, extremely poisoned), Dowan and a dart slug.

Vanquished Creatures
  A scorpion (D:4)
  A hound (D:4)
  An iron imp (D:3)
  An orc wizard (D:4)
  3 adders
  2 worms
  3 dart slugs
  3 orcs (D:4)
  6 ball pythons
  5 endoplasms
  3 giant cockroaches
  4 goblins
  7 hobgoblins
  3 kobolds
  3 quokkas
  3 bats
  A frilled lizard (D:2)
  5 rats
55 creatures vanquished.

Notes
Turn   | Place    | Note
-------+----------+-------------------------------------------
     0 | D:1      | subsebi the Demonspawn Chaos Knight began the quest for the
                  | Orb.
     0 | D:1      | Reached XP level 1. HP: 18/18 MP: 1/1
   149 | D:1      | XOM: silly message
   192 | D:1      | XOM: 3-stop teleportation journey
   246 | D:1      | Reached skill level 1 in Dodging
   393 | D:1      | Gained mutation: You regenerate magic rapidly. [demonic
                  | ancestry]
   393 | D:1      | Reached XP level 2. HP: 24/24 MP: 2/2
   873 | D:1      | XOM: give mutations
   873 | D:1      | Gained mutation: Your mind is acute. (Int +4, Str/Dex -1)
                  | [Xom's grace]
   873 | D:1      | Gained mutation: Your spells are a little harder to cast,
                  | but a little more powerful. [Xom's grace]
   873 | D:1      | Gained mutation: Your mind is very acute. (Int +8, Str/Dex
                  | -2) [Xom's grace]
   873 | D:1      | Gained mutation: You possess an exceptional clarity of
                  | mind. [Xom's grace]
  1082 | D:2      | Found Burumuimum's Assorted Antiques.
  1122 | D:2      | Gained mutation: You are partially covered in sharp spines.
                  | [demonic ancestry]
  1122 | D:2      | Reached XP level 3. HP: 13/29 MP: 3/3
  1486 | D:2      | XOM: snakes to sticks
  1656 | D:3      | XOM: 1-stop teleportation journey
  1683 | D:3      | Gained mutation: You are partially covered in thin metallic
                  | scales. (AC +2) [demonic ancestry]
  1683 | D:3      | Reached XP level 4. HP: 33/35 MP: 4/4
  1742 | D:3      | Found a hide-covered altar of Uskayaw.
  1754 | D:3      | Found a bloodstained altar of Trog.
  1870 | D:3      | Found a snail-covered altar of Cheibriados.
  2129 | D:3      | Found a faded altar of an unknown god.
  2303 | D:4      | XOM: stealth player
  2321 | D:4      | Reached XP level 5. HP: 31/42 MP: 5/5
  2375 | D:4      | XOM: confuse monster(s)
  2384 | D:4      | Reached skill level 4 in Fighting
  2505 | D:4      | Noticed Dowan
  2506 | D:4      | Noticed Duvessa
  2508 | D:4      | XOM: scenery: summon butterflies
  2516 | D:4      | Mangled by Duvessa

Illustrated notes

Levels and vault maps discovered:
D:1:      dpeg_arrival_brainrot, layout_basic
D:2:      layout_rooms, serial_shops, shop
D:3:      layout_basic, mainiacjoe_overflow_paths, mainiacjoe_overflow_brackets,
          slow_altar_1, dilly_ecumenical_altar_fadedgnrine, minmay_surrounded
D:4:      layout_basic, minmay_temple_entry_large_hall, kennysheep_potato,
          uniq_duvessa

Skill      XL: |  1  2  3  4  5 |
---------------+----------------+-----
Dodging        | 1 2 |  2.6
Armour         | 2 3 |  3.1
Axes           | 3 |  3.8
Fighting       | 4 |  4.1

Action                     |  1- 3 |  4- 6 || total
---------------------------+-------+-------++-------
  Melee: Hand axe          |   108 |    60 ||   168
   Stab: Paralysed         |     2 |       ||     2
         Sleeping          |       |     1 ||     1
 Armour: Leather armour    |    36 |    15 ||    51
  Dodge: Dodged            |    62 |    24 ||    86

Table legend: (Time is in decaauts)
 A = Elapsed time spent in this place.
 B = Non-inter-level travel time spent in this place.
 C = Inter-level travel time spent in this place.
 D = Time resting spent in this place.
 E = Time spent auto-exploring this place.
 F = Levels seen in this place.
 G = Mean time per level.
                   A        B        C        D        E       F      G
               +--------+--------+--------+--------+--------+-----+--------+
         Total |   2539 |   2419 |    120 |      0 |   1993 |   4 |  634.8 |
       Dungeon |   2539 |   2419 |    120 |      0 |   1993 |   4 |  634.8 |
               +--------+--------+--------+--------+--------+-----+--------+

Top non-repeatable levels by time:
     D:1: 1090 daAuts
     D:3: 727 daAuts
     D:2: 505 daAuts
     D:4: 216 daAuts
